 Dungeon Crawl Stone Soup version 0.30.1 (webtiles) character file.

Game seed: 13786553839747832607

6069 AIAndy the Martial Artist (level 10, 0/115 HPs)
             Began as a Gnoll Wanderer on July 2, 2023.
             Was a Believer of Dithmenos.
             Slain by a vampire (3 damage)
             ... on level 10 of the Dungeon.
             The game lasted 00:50:23 (10785 turns).

AIAndy the Martial Artist (Gnoll Wanderer)         Turns: 10785, Time: 00:50:24

Health: 0/115      AC: 25    Str: 25    XL:     10   Next: 87%
Magic:  17/19      EV:  2    Int: 10    God:    Dithmenos [**....]
Gold:   487        SH:  5    Dex: 16    Spells: 20/22 levels left

rFire   . .          .
                       - Unarmed
rCold   . . .        (no shield)
rNeg    . . .        H - melded +1 robe {rC+}
rPois   +            s - melded +0 helmet
rElec   .            Q - melded +0 cloak
rCorr   .            c - melded +0 pair of gloves
SInv    .            A - melded +2 pair of boots
Will    .....        W - amulet of reflection
Stlth   +++++        K - +6 ring of strength
HPRegen 0.39/turn    x - +6 ring of strength
MPRegen 0.16/turn

%: reflection
@: tree-form, slowed, wreathed by umbra, studying Short Blades, very slow
A: stationary, stasis, torment immunity, boosted hp, (fangs 1), strong nose,
distributed training
a: Renounce Religion, Shadow Step


You were on level 10 of the Dungeon.
You worshipped Dithmenos.
Dithmenos was pleased with you.
You were a tree.
You visited 2 branches of the dungeon, and saw 11 of its levels.
You also visited: Sewer.

You collected 487 gold pieces.

Inventory:

Hand Weapons
 a - a +2 rapier of electrocution
 V - a +2 short sword of venom
Missiles
 L - 52 poisoned darts (quivered)
 T - a throwing net
Armour
 c - a +0 pair of gloves (melded)
 j - a +0 buckler
 s - a +0 helmet (melded)
 A - a +2 pair of boots (melded)
 H - a +1 robe of cold resistance (melded)
 Q - a +0 cloak (melded)
Jewellery
 g - a +4 ring of protection
 n - a ring of poison resistance
 x - a +6 ring of strength (right branch)
 K - a +6 ring of strength (left branch)
 W - an amulet of reflection (around neck)
 X - a ring of protection from fire
Wands
 r - a wand of flame (62)
 D - a wand of light (8)
 U - a wand of digging (4)
 Y - a wand of iceblast (10)
Scrolls
 b - a scroll of blinking
 i - 2 scrolls of noise {unknown}
 k - 6 scrolls of teleportation {unknown}
 m - 3 scrolls of fear {unknown}
 p - a scroll of silence {unknown}
 t - 8 scrolls of identify {unknown}
 u - a scroll of poison {unknown}
 w - 2 scrolls of vulnerability {unknown}
 y - a scroll of acquirement {unknown}
 E - a scroll of torment {unknown}
 I - a scroll of enchant weapon {unknown}
 J - a scroll of amnesia {unknown}
 N - 2 scrolls of immolation {unknown}
 R - a scroll of fog {unknown}
Potions
 d - a potion of lignification
 f - a potion of heal wounds
 h - 6 potions of cancellation {unknown}
 l - 4 potions of might {unknown}
 o - 10 potions of curing {unknown}
 q - 3 potions of attraction {unknown}
 v - 2 potions of brilliance {unknown}
 z - 4 potions of mutation {unknown}
 C - a potion of degeneration {unknown}
 M - 4 potions of resistance {unknown}
 P - a potion of invisibility {unknown}
 S - a potion of berserk rage {unknown}


   Skills:
 + Level 6.5 Fighting
 + Level 6.5 Short Blades
 + Level 5.9 Long Blades
 + Level 5.9 Axes
 + Level 5.9 Maces & Flails
 + Level 5.9 Polearms
 + Level 5.9 Staves
 + Level 5.9 Ranged Weapons
 + Level 5.9 Throwing
 + Level 5.9 Armour
 + Level 5.9 Dodging
 + Level 7.3 Stealth
 + Level 5.9 Shields
 + Level 8.9 Unarmed Combat
 + Level 6.6 Spellcasting
 + Level 4.9 Conjurations
 + Level 4.9 Hexes
 + Level 4.9 Summonings
 + Level 4.9 Necromancy
 + Level 4.9 Translocations
 + Level 4.9 Transmutations
 + Level 4.9 Fire Magic
 + Level 4.9 Ice Magic
 + Level 4.9 Air Magic
 + Level 4.9 Earth Magic
 + Level 7.4 Poison Magic
 + Level 6.5 Invocations
 + Level 5.9 Evocations


You had 20 spell levels left.
You knew the following spells:

 Your Spells              Type           Power      Damage    Failure   Level
a - Poisonous Vapours     Pois/Air       30%        N/A       2%          2

Your spell library contained the following spells:

 Spells                   Type           Power      Damage    Failure   Level
 Magic Dart               Conj           52%        1d5       2%          1
 Cigotuvi's Dreadful Rot  Necr/Pois/Air  28%        N/A       2%          2
 Call Imp                 Summ           26%        N/A       4%          2
 Ensorcelled Hibernation  Hex/Ice        26%        N/A       4%          2
 Lesser Beckoning         Tloc           26%        N/A       4%          2
 Passwall                 Tmut/Erth      10%        N/A       4%          2
 Searing Ray              Conj           26%        2d5       4%          2
 Mephitic Cloud           Conj/Pois/Air  14%        N/A       5%          3
 Call Canine Familiar     Summ           13%        N/A       8%          3
 Gell's Gravitas          Tloc           13%        N/A       8%          3
 Ozocubu's Armour         Ice            13%        N/A       8%          3
 Portal Projectile        Hex/Tloc       26%        N/A       8%          3
 Swiftness                Air            13%        N/A       8%          3
 Teleport Other           Tloc           13%        N/A       8%          3
 Fulminant Prism          Conj/Hex       6%         3d7       26%         4
 Leda's Liquefaction      Hex/Erth       6%         N/A       26%         4
 Freezing Cloud           Conj/Ice/Air   6%         6-21      58%         5
 Metabolic Englaciation   Hex/Ice        6%         N/A       58%         5
 Simulacrum               Ice/Necr       6%         N/A       99%         6


Dungeon Overview and Level Annotations

Branches:
Dungeon (10/15)            Temple (1/1) D:6            Lair (0/5) D:8
  Sewer (visited)
    Orc: D:9-12

Altars:
Ashenzari
Cheibriados
Dithmenos
Elyvilon
Fedhas
Gozag
Kikubaaqudgha
Makhleb
Nemelex Xobeh
Okawaru
Qazlal
Ru
Sif Muna
Trog
Wu Jian
Xom
Yredelemnul
Zin
The Shining One

Shops:
D:3 *((![

Annotations:
D:6 exclusion: hornet
D:9 exclusion: kobold demonologist


Innate Abilities, Weirdness & Mutations

You are a tree.
Your roots penetrate the ground, keeping you stationary.
You cannot be teleported.
You are immune to unholy pain and torment.
Your maximum health is greatly increased.
Your equipment is partially melded.
((You have very sharp teeth.))
Your uncanny sense of smell can sniff out nearby items.
Your experience applies equally to all skills.


Message History

You destroy the wraith!
Dithmenos accepts your kill. Something hits you but does no damage.
Something bites you.
Something draws strength from your injuries!
You closely miss something. Something hits you. Something bites you.
Something draws strength from your injuries!
You punch something! Something draws life force from you!
* * * LOW HITPOINT WARNING * * *
Really quaff the potion of lignification?
You turn into a tree.
Your +0 cloak melds into your body.
Your +0 helmet melds into your body.
Your +0 pair of gloves melds into your body.
Your +2 pair of boots melds into your body.
Your +1 robe of cold resistance melds into your body.
You feel less resistant to cold.
Your roots penetrate the ground.
Something hits you but does no damage. Something bites you.
* * * LOW HITPOINT WARNING * * *
Something draws strength from your injuries!
Something hits you.
* * * LOW HITPOINT WARNING * * *
Something bites you!
* * * LOW HITPOINT WARNING * * *
Something draws strength from your injuries!
You cannot move.
You cannot move.
You cannot move.
You cannot move.
You cannot move.
You cannot move.
Casting: Poisonous Vapours (safe; 2% risk of failure)
Confirm with . or Enter, or press ? or * to list all spells.
Okay, then.
Casting: Poisonous Vapours (safe; 2% risk of failure)
Confirm with . or Enter, or press ? or * to list all spells.
Aiming: Poisonous Vapours (safe; 2% risk of failure)
Press: ? - help, Dir - move target The spell fizzles.
Something hits you.
* * * LOW HITPOINT WARNING * * *
Something bites you.
You die...

..#.......#
#......####.##
###........... .
####.#############
.. #..............
... ##.##...#####
.... #.####.#
.....
#.####.#####P88...
#.........♣{P..8#
∆
...#####.##+#....#
### #.# ..... ...
.... ..... ...
...... .. ........
. ######...


There were no monsters in sight!

Vanquished Creatures
  A boulder beetle (D:9)
  Maurice (D:8)
  Grinder (D:3)
  Sigmund (D:4)
  2 wraiths
  A wyvern (D:8)
  4 yaks (D:9)
  Duvessa (D:7)
  A water moccasin (D:7)
  An ice beast (D:5)
  4 orc warriors
  A black bear (D:5)
  2 ogres (D:6)
  A sky beast (D:8)
  A centaur (D:7)
  5 kobold brigands
  4 bullfrogs (D:8)
  A gnoll sergeant (D:5)
  3 scorpions
  7 wights
  Dowan (D:7)
  3 killer bees (D:9)
  2 howler monkeys (D:8)
  5 orc priests
  5 hounds
  Ijyb (D:3)
  6 jellies
  A sleepcap (D:4)
  2 iguanas
  8 orc wizards
  Robin (D:2)
  12 gnolls
  9 adders
  8 river rats (Sewer)
  2 shadow imps
  An ufetubus (D:6)
  2 worms
  A dart slug (D:1)
  37 orcs
  6 ball pythons
  12 endoplasms
  2 giant cockroaches
  9 hobgoblins
  7 jackals
  2 quokkas
  2 bats (D:1)
  3 frilled lizards
  14 goblins
  33 kobolds
  31 rats
271 creatures vanquished.

Vanquished Creatures (others)
  A quokka (D:4)
1 creature vanquished.

Grand Total: 272 creatures vanquished

Notes
Turn   | Place    | Note
-------+----------+-------------------------------------------
     0 | D:1      | AIAndy the Gnoll Wanderer began the quest for the Orb.
     0 | D:1      | AIAndy set off with the following items: a +0 dagger, a
                  | scroll of blinking, a +0 pair of gloves, a potion of
                  | lignification, a +0 robe, a potion of heal wounds; and the
                  | following spells available to memorise: Poisonous Vapours,
                  | Cigotuvi's Dreadful Rot.
     0 | D:1      | Reached XP level 1. HP: 17/17 MP: 4/4
   142 | D:1      | Reached XP level 2. HP: 6/23 MP: 5/5
   484 | D:1      | Reached XP level 3. HP: 28/28 MP: 7/7
   805 | D:2      | Reached skill level 1 in Invocations
   843 | D:2      | Noticed Robin
   856 | D:2      | Reached skill level 1 in Short Blades
   856 | D:2      | Reached skill level 1 in Long Blades
   856 | D:2      | Reached skill level 1 in Axes
   856 | D:2      | Reached skill level 1 in Maces & Flails
   856 | D:2      | Reached skill level 1 in Polearms
   856 | D:2      | Reached skill level 1 in Staves
   856 | D:2      | Reached skill level 1 in Ranged Weapons
   856 | D:2      | Reached skill level 1 in Throwing
   856 | D:2      | Reached skill level 1 in Armour
   856 | D:2      | Reached skill level 1 in Dodging
   856 | D:2      | Reached skill level 1 in Shields
   856 | D:2      | Reached skill level 1 in Evocations
   890 | D:2      | Reached XP level 4. HP: 17/34 MP: 8/8
   893 | D:2      | Killed Robin
  1057 | D:2      | You fall into a shaft and drop 1 floor!
  1057 | D:3      | Found Taqel's Antique Weapon Shop.
  1127 | D:3      | Reached skill level 1 in Conjurations
  1127 | D:3      | Reached skill level 1 in Hexes
  1127 | D:3      | Reached skill level 1 in Summonings
  1127 | D:3      | Reached skill level 1 in Necromancy
  1127 | D:3      | Reached skill level 1 in Translocations
  1127 | D:3      | Reached skill level 1 in Transmutations
  1127 | D:3      | Reached skill level 1 in Fire Magic
  1127 | D:3      | Reached skill level 1 in Ice Magic
  1127 | D:3      | Reached skill level 1 in Air Magic
  1127 | D:3      | Reached skill level 1 in Earth Magic
  1405 | D:3      | Reached XP level 5. HP: 35/40 MP: 9/9
  1677 | D:3      | Found Juakie's Assorted Antiques.
  1683 | D:3      | Noticed Grinder
  1695 | D:3      | Killed Grinder
  1696 | D:3      | Reached XP level 6. HP: 33/47 MP: 9/11
  1699 | D:3      | Learned a level 2 spell: Poisonous Vapours
  1835 | D:3      | Found Webehawk's Armour Boutique.
  1915 | D:3      | Found Pox Ylut's Antique Weapon Emporium.
  1957 | D:3      | Noticed Ijyb
  1969 | D:3      | Killed Ijyb
  2154 | D:3      | Found Woulaf's Distillery.
  2294 | D:4      | Reached XP level 7. HP: 36/52 MP: 12/12
  2338 | D:4      | Reached skill level 7 in Unarmed Combat
  2428 | D:4      | Noticed Sigmund
  2440 | D:4      | Killed Sigmund
  2441 | D:4      | Reached skill level 5 in Stealth
  2525 | D:4      | Found a glowing drain.
  2565 | Sewer    | Entered a sewer
  3041 | Sewer    | Reached XP level 8. HP: 46/60 MP: 14/14
  4243 | D:5      | Entered Level 5 of the Dungeon
  5639 | D:6      | Noticed a hornet
  5696 | D:6      | Reached XP level 9. HP: 57/66 MP: 16/16
  5770 | D:6      | Reached skill level 5 in Spellcasting
  6421 | D:6      | Found a staircase to the Ecumenical Temple.
  6428 | D:6      | Reached skill level 5 in Fighting
  6442 | Temple   | Entered the Ecumenical Temple
  6603 | Temple   | Became a worshipper of Dithmenos the Shadowed
  7258 | D:7      | Reached skill level 8 in Unarmed Combat
  7460 | D:7      | Noticed Duvessa
  7460 | D:7      | Noticed Dowan
  7465 | D:7      | Killed Dowan
  7478 | D:7      | Killed Duvessa
  7479 | D:7      | Reached skill level 5 in Invocations
  7969 | D:7      | Reached * piety under Dithmenos
  8389 | D:8      | Reached skill level 5 in Short Blades
  8389 | D:8      | Reached skill level 5 in Long Blades
  8389 | D:8      | Reached skill level 5 in Axes
  8389 | D:8      | Reached skill level 5 in Maces & Flails
  8389 | D:8      | Reached skill level 5 in Polearms
  8389 | D:8      | Reached skill level 5 in Staves
  8389 | D:8      | Reached skill level 5 in Ranged Weapons
  8389 | D:8      | Reached skill level 5 in Throwing
  8389 | D:8      | Reached skill level 5 in Armour
  8389 | D:8      | Reached skill level 5 in Dodging
  8389 | D:8      | Reached skill level 5 in Shields
  8389 | D:8      | Reached skill level 5 in Evocations
  8389 | D:8      | Reached XP level 10. HP: 72/76 MP: 18/18
  8420 | D:8      | Noticed Maurice
  8421 | D:8      | Found a staircase to the Lair.
  8543 | D:8      | Killed Maurice
  9178 | D:8      | Reached ** piety under Dithmenos
  9782 | D:9      | Noticed a boulder beetle
  9801 | D:9      | Killed a boulder beetle
 10015 | D:9      | Noticed a kobold demonologist
 10722 | D:10     | Entered Level 10 of the Dungeon
 10785 | D:10     | HP: 3/115 [something (5)]
 10785 | D:10     | Slain by a vampire

Illustrated notes

Levels and vault maps discovered:
D:1:      denvon_arrival_waterhouse, layout_loops_cross
D:2:      layout_loops_cross, minmay_misc_feat_cross, uniq_robin,
          uniq_crazy_yiuf_cottage
D:3:      cheibrodos_fertilizer, layout_basic, serial_shops,
          nicolae_shop_real_fake_doors, nicolae_shop_getting_attention,
          nicolae_square_shop, nicolae_shop_just_a_little_nook,
          nicolae_shop_waterfront, wad_floor_pattern_1, uniq_ijyb, uniq_grinder
D:4:      layout_basic, portal_sewer_entry_a, lemuel_flame_loot_1, uniq_sigmund
D:5:      layout_loops_ring
D:6:      layout_cave_pods, minmay_temple_entry_gardened_gates
D:7:      layout_basic, uniq_duvessa
D:8:      layout_loops_corners, dpeg_oklobed_lair, minmay_manual_moon,
          uniq_maurice
D:9:      layout_gridville
D:10:     minmay_coctagon, layout_basic, grunt_temple_overflow_open,
          enter_trove_0, serial_undead, serial_undead_c, serial_undead_a,
          serial_undead_e, serial_undead_b
Temple:   nicolae_temple_bog_church

Skill      XL: |  1  2  3  4  5  6  7  8  9 10 |
---------------+-------------------------------+-----
Invocations    | 1 2 3 4 5 6 |  6.5
Short Blades   | 1 2 3 5 6 |  6.5
Long Blades    | 1 2 3 5 |  5.9
Axes           | 1 2 3 5 |  5.9
Maces & Flails | 1 2 3 5 |  5.9
Polearms       | 1 2 3 5 |  5.9
Staves         | 1 2 3 5 |  5.9
Ranged Weapons | 1 2 3 5 |  5.9
Throwing       | 1 2 3 5 |  5.9
Armour         | 1 2 3 5 |  5.9
Dodging        | 1 2 3 5 |  5.9
Shields        | 1 2 3 5 |  5.9
Evocations     | 1 2 3 5 |  5.9
Spellcasting   | 3 4 5 6 |  6.6
Conjurations   | 1 2 3 4 |  4.9
Hexes          | 1 2 3 4 |  4.9
Summonings     | 1 2 3 4 |  4.9
Necromancy     | 1 2 3 4 |  4.9
Translocations | 1 2 3 4 |  4.9
Transmutations | 1 2 3 4 |  4.9
Fire Magic     | 1 2 3 4 |  4.9
Ice Magic      | 1 2 3 4 |  4.9
Air Magic      | 1 2 3 4 |  4.9
Earth Magic    | 1 2 3 4 |  4.9
Fighting       | 3 4 5 6 |  6.5
Unarmed Combat | 7 8 |  8.9
Stealth        | 5 6 7 |  7.3
Poison Magic   | 6 7 |  7.4

Action                     |  1- 3 |  4- 6 |  7- 9 | 10-12 || total
---------------------------+-------+-------+-------+-------++-------
  Melee: Dagger            |    73 |       |       |       ||    73
         Punch             |     4 |     3 |    24 |    14 ||    45
         Unarmed           |    60 |   114 |   467 |   214 ||   855
         Bite              |     7 |    13 |    47 |    31 ||    98
  Throw: Dart              |       |       |    14 |     9 ||    23
   Cast: Poisonous Vapours |       |       |    44 |    11 ||    55
  Evoke: Wand              |       |       |     3 |       ||     3
    Use: Potion            |       |       |     3 |     1 ||     4
         Scroll            |       |       |       |     1 ||     1
   Stab: Sleeping          |     5 |     5 |    19 |     4 ||    33
         Distracted        |       |       |     1 |     1 ||     2
         Paralysed         |       |       |     4 |       ||     4
 Armour: Robe              |    53 |    44 |    67 |    42 ||   206
         Skin              |       |       |    97 |     1 ||    98
  Dodge: Dodged            |    68 |    52 |   321 |   144 ||   585
  Block: Other             |       |       |    18 |    37 ||    55
         Reflection        |       |       |     3 |       ||     3
